Map: Lightshade LE

Players

TeebuL - Winner!

  • Race: Protoss Protoss
  • League: Gold

Seither

  • Race: Terran Terran
  • League: Grandmaster

Event: DreamHack SC2 Masters 2021 Summer

VOD

Have the link to the VOD?

Description

Time

  • Played on: May 21, 2021, 5:49 a.m.
  • Length: 6:05

All games in this series

Show
View Real Time Build Order
Export as new Build Order

TeebuL Protoss - Winner!

Build Orders: Proxy Void Ray 

Get SALT Encoding   

  12  0:09  Pylon  
  12  0:13  Probe  
  13  0:27  Gateway  
  13  0:30  Probe (Chrono Boost)  
  14  0:41  Probe (Chrono Boost)  
  14  0:42  Assimilator  
  15  0:46  Probe (Chrono Boost)  
  16  0:50  Assimilator  
  17  0:57  Probe  
  17  1:09  Probe  
  18  1:16  Cybernetics Core  
  18  1:18  Zealot  
  20  1:21  Probe  
  21  1:32  Pylon  
  21  1:34  Probe  
  22  1:46  Probe  
  23  1:53  Stargate, Adept (Chrono Boost)  
  25  2:03  Shield Battery  
  25  2:07  Warp Gate  
  25  2:10  Probe  
  26  2:21  Pylon  
  26  2:30  Void Ray (Chrono Boost)  
  26  2:35  Shield Battery  
  26  2:42  Probe  
  31  2:50  Shield Battery  
  31  3:00  Void Ray  
  35  3:23  Twilight Council  
  35  3:32  Probe  
  36  3:37  Gateway  
  36  3:51  Pylon  
  36  4:01  Dark Shrine  
  36  4:12  Gateway  
  36  4:20  Probe  
  36  4:22  Nexus  
  37  4:32  Probe  
  38  4:43  Pylon  
  38  4:50  Probe (Chrono Boost)  
  31  5:02  Probe (Chrono Boost)  
  31  5:04  Shield Battery  
  28  5:10  Probe (Chrono Boost)  
  28  5:13  Dark Templar x3  
  35  5:21  Pylon, Probe  
  36  5:38  Probe  
Show
View Real Time Build Order
Export as new Build Order

Seither Terran 

Build Orders:  

Get SALT Encoding   

  12  0:00  SCV  
  13  0:12  SCV  
  14  0:17  Supply Depot  
  14  0:24  SCV  
  15  0:38  SCV  
  15  0:40  Barracks  
  16  0:42  Refinery  
  16  0:50  SCV  
  17  1:02  SCV  
  18  1:15  SCV  
  19  1:27  Orbital Command, Marine  
  20  1:41  Command Center  
  20  1:51  Marine  
  21  1:57  Factory, SCV  
  21  2:00  Supply Depot  
  22  2:05  Bunker  
  22  2:07  Refinery  
  22  2:09  SCV  
  23  2:17  Supply Depot  
  23  2:21  Marine, SCV  
  24  2:36  SCV  
  25  2:39  Marine  
  26  2:45  Starport, Factory Tech Lab  
  26  2:48  SCV  
  27  2:52  Supply Depot  
  27  2:57  Marine  
  28  3:04  Cyclone  
  31  3:08  SCV  
  32  3:15  Marine  
  32  3:16  Supply Depot  
  33  3:21  Viking  
  35  3:36  Cyclone  
  38  3:44  Marine  
  39  3:51  Supply Depot  
  39  3:55  SCV  
  40  3:57  Viking  
  38  4:04  Marine  
  39  4:11  Cyclone  
  42  4:19  SCV  
  43  4:25  Marine  
  43  4:29  Viking  
  46  4:42  Supply Depot  
  46  4:46  Cyclone  
  49  5:00  Barracks Reactor  
  51  5:14  Starport Tech Lab  
  49  5:17  Command Center  
Tags
 
Add a new tag
Caveats
  • Supply blocks, unpowered buildings, or Contaminate may cause inaccurate times.
  • Supply counts are checked every 10 seconds.